 Dungeon Crawl Stone Soup version 0.29.1-12-g30fa7ad0bf (webtiles) character file.

Game seed: 5461387189810932034

127 mortz the Trooper (level 5, -1/33 HPs)
             Began as a Gargoyle Abyssal Knight on Dec 23, 2022.
             Was a Priest of Lugonu.
             Slain by an ice beast (13 damage)
             ... on level 3 of the Dungeon.
             The game lasted 00:14:28 (2491 turns).

mortz the Trooper (Gargoyle Abyssal Knight)         Turns: 2491, Time: 00:14:29

Health: -1/33      AC: 14    Str: 19    XL:     5   Next: 11%
Magic:  7/7        EV:  7    Int: 10    God:    Lugonu [***...]
Gold:   107        SH:  0    Dex: 10    Spells: 4/4 levels left

rFire   + . .      SeeInvis .   a - +1 war axe (venom)
rCold   . . .      Faith    .   (no shield)
rNeg    + . .      Spirit   .   m - +0 chain mail
rPois   ∞          Reflect  .   f - +0 helmet
rElec   +          Harm     .   (no cloak)
rCorr   +          Rampage  .   (no gloves)
Will    .....                   e - +0 pair of boots
Stlth   ..........              (no amulet)
HPRegen 0.11/turn               o - ring of resist corrosion
MPRegen 0.10/turn               s - ring of protection from fire

@: no status effects
A: sickness immunity, AC +4, negative energy resistance 1, electricity
resistance, torment resistance 1, petrification resistance
a: Renounce Religion, Depart the Abyss, Bend Space, Banish


You were on level 3 of the Dungeon.
You worshipped Lugonu.
Lugonu was most pleased with you.
You visited 1 branch of the dungeon, and saw 4 of its levels.
You visited the Abyss 1 time.

You collected 107 gold pieces.

Inventory:

Hand Weapons
 a - a +1 war axe of venom (weapon)
 b - a +0 sling
 r - a +1 mace
Missiles
 l - 2 poisoned darts
Armour
 e - a +0 pair of boots (worn)
 f - a +0 helmet (worn)
 m - a +0 chain mail (worn)
 u - a +1 hat
Jewellery
 o - a ring of resist corrosion (left hand)
 s - a ring of protection from fire (right hand)
Scrolls
 d - a scroll of enchant armour {unknown}
 h - a scroll of enchant weapon
 k - a scroll of teleportation {unknown}
 p - a scroll of poison {unknown}
 q - a scroll of vulnerability {unknown}
Potions
 i - 4 potions of heal wounds
 j - 2 potions of curing
 n - a potion of attraction
 t - a potion of magic
 v - a potion of ambrosia {unknown}
 w - 2 potions of lignification {unknown}
 x - a potion of mutation {unknown}


   Skills:
 + Level 4.0 Fighting
 * Level 1.9(2.5) Axes
 - Level 2.8(3.2) Maces & Flails
 + Level 1.3 Ranged Weapons
 - Level 2.1 Armour
 - Level 0.7 Dodging
 + Level 3.0 Invocations


You had 4 spell levels left.
You didn't know any spells.
Your spell library contained the following spells:

 Spells                   Type           Power      Damage    Failure   Level
 Apportation              Tloc           0%         N/A       99%         1
 Necrotise                Necr           0%         1d4       99%         1
 Summon Small Mammal      Summ           0%         N/A       99%         1
 Ensorcelled Hibernation  Hex/Ice        0%         N/A       100%        2
 Spider Form              Tmut/Pois      0%         N/A       100%        3
 Anguish                  Hex/Necr       0%         N/A       100%        4


Dungeon Overview and Level Annotations

Branches:
Dungeon (4/15) Zot: 21432
 Temple: D:4-7

Altars:

Annotations:
D:4 Pikel


Innate Abilities, Weirdness & Mutations

You are immune to sickness and miasma.
Your stone body is resilient. (AC +4)
You are immune to poison.
You resist negative energy. (rN+)
You are resistant to electric shocks. (rElec)
You are resistant to unholy torment.
You are immune to petrification.


Message History

You slash the giant cockroach!
You kill the giant cockroach!
Lugonu accepts your kill.
No target in view!
Found a book of Changes and a potion of heal wounds.
You see here a giant cockroach corpse.
Found a stone staircase leading down.
i - 4 potions of heal wounds (gained 1)
An orc zombie and an ice beast come into view.
The ice beast attacks as you move away! The ice beast attacks as you move away!
The ice beast barely misses you. The ice beast attacks as you move away!
The ice beast attacks as you move away! The ice beast hits you.
The ice beast freezes you.
You see here a giant cockroach corpse.
The ice beast attacks as you move away! The ice beast attacks as you move away!
The ice beast hits you. The ice beast freezes you!
There is a stone staircase leading up here.
You climb upwards.
There is a stone staircase leading down here.
You hit the ice beast.
The ice beast is poisoned.
The ice beast is lightly wounded.
The ice beast barely misses you.
You closely miss the ice beast.
The ice beast is moderately wounded.
You barely miss the ice beast.
The ice beast is moderately wounded.
You barely miss the ice beast.
The ice beast is heavily wounded.
The ice beast completely misses you.
You barely miss the ice beast.
The ice beast is heavily wounded.
You hit the ice beast.
The ice beast is severely wounded.
The ice beast barely misses you.
You closely miss the ice beast.
The ice beast is severely wounded.
The ice beast hits you. The ice beast freezes you!
You die...

..###.# #..#..#..#
......#######..#.##..#
....#.##.......#.##..#
....#.##.............#
.#...........###.#####
......##.....# #.#
...)#.##.....# #.#
......######## #Y#####
.....## #@....#
.#..#.## #####.#
...###.## #.# ..##
##.## #.# .##
##.###########.# #.##
##..............#
##.###.###############
###.#.## ..##.##


You could see an ice beast (very poisoned).

Vanquished Creatures
  7 adders
  2 dart slugs
  6 ball pythons
  4 endoplasms
  A giant cockroach (D:4)
  5 goblins
  4 hobgoblins
  A jackal (D:1)
  6 quokkas
  5 bats
  2 frilled lizards (D:3)
  11 kobolds
  3 rats
57 creatures vanquished.

Vanquished Creatures (others)
  2 plants (D:2)
2 creatures vanquished.

Grand Total: 59 creatures vanquished

Notes
Turn   | Place    | Note
-------+----------+-------------------------------------------
     0 | Abyss:1  | mortz the Gargoyle Abyssal Knight began the quest for the
                  | Orb.
     0 | Abyss:1  | Reached XP level 1. HP: 14/14 MP: 2/2
     1 | D:1      | Escaped the Abyss
   166 | D:1      | Reached XP level 2. HP: 19/19 MP: 3/3
   390 | D:1      | Found a faded altar of an unknown god.
   647 | D:1      | Reached XP level 3. HP: 22/23 MP: 4/4
   738 | D:2      | Reached *** piety under Lugonu
  1035 | D:2      | Reached skill level 1 in Axes
  1087 | D:2      | Reached XP level 4. HP: 21/29 MP: 4/6
  1676 | D:3      | Reached skill level 1 in Ranged Weapons
  2052 | D:3      | Reached skill level 4 in Fighting
  2375 | D:4      | Noticed a lemure
  2375 | D:4      | Noticed a lemure
  2376 | D:4      | Noticed Pikel
  2376 | D:4      | Noticed a lemure
  2377 | D:4      | Noticed a lemure
  2393 | D:3      | Reached XP level 5. HP: 33/33 MP: 7/7
  2469 | D:4      | Noticed an ice beast
  2491 | D:3      | Slain by an ice beast

Illustrated notes

Levels and vault maps discovered:
D:1:      onia_arrival_pentagram, layout_rooms,
          shapermc_ecumenical_altar_mp_urbaneastern, st_stairs_8
D:2:      layout_loops_cross, serial_bayou_pond_e
D:3:      layout_loops_cross, minmay_close_crescents
D:4:      layout_cave_pools, minmay_temple_entry_statues_pillars,
          gammafunk_ghost_abyssal_escape, portal_sewer_entry_a,
          minmay_mini_ossuary, uniq_pikel, uniq_eustachio

Skill      XL: |  1  2  3  4 |
---------------+-------------+-----
Axes           | 1 |  1.9
Ranged Weapons | 1 |  1.3
Fighting       | 4 |  4.0
Invocations    | 3 |  3.0
Maces & Flails | |  2.8
Armour         | |  2.1
Dodging        | |  0.7

Action                   |  1- 3 |  4- 6 || total
-------------------------+-------+-------++-------
Melee: Mace              |    48 |       ||    48
       Punch             |     1 |       ||     1
       War axe           |    26 |    46 ||    72
 Fire: Sling             |    31 |    38 ||    69
  Use: Scroll            |       |     5 ||     5
Armor: Leather armour    |     9 |       ||     9
       Chain mail        |    84 |    42 ||   126
Dodge: Dodged            |    47 |    29 ||    76
